 Dungeon Crawl Stone Soup version 0.28.0-45-g0d030f2227 (webtiles) character file.

Game seed: 8622908230645763743

22874 issech the Basher (level 12, -3/109 HPs)
             Began as a Troll Monk on Apr 13, 2022.
             Was a High Priest of Hepliaklqana.
             Slain by a death knight
             ... wielding a +0 great mace
              (16 damage)
             ... on level 12 of the Dungeon on Apr 14, 2022.
             The game lasted 01:14:48 (14670 turns).

issech the Basher (Troll Monk)                     Turns: 14670, Time: 01:14:49

Health: -3/109     AC: 20    Str: 28    XL:     12   Next: 66%
Magic:  11/11      EV: 13    Int:  8    God:    Hepliaklqana [*****.]
Gold:   813        SH:  0    Dex: 16    Spells: 11/11 levels left

rFire   . . .      SeeInvis .   s - +5 morningstar (drain)
rCold   + . .      Faith    .   (no shield)
rNeg    . . .      Spirit   .   n - +4 storm dragon scales
rPois   .          Reflect  .   (helmet restricted)
rElec   +          Harm     .   u - +0 cloak
rCorr   .          Rampage  .   (gloves unavailable)
Will    .....                   (boots unavailable)
Stlth   ..........              b - amulet of magic regeneration
HPRegen 1.08/turn               G - +6 ring of strength
MPRegen 0.52/turn               W - +4 ring of evasion

@: no status effects
A: reduced essence, large, unfitting armour, claws 3, regeneration 1, shaggy fur
1, tough skin 1, clever 1, cold resistance 1, mutation resistance 1, wild magic
1
a: Renounce Religion, Recall Ancestor, Ancestor Identity, Transference, Idealise


You were on level 12 of the Dungeon.
You worshipped Hepliaklqana.
Hepliaklqana was extremely pleased with you.
You visited 2 branches of the dungeon, and saw 14 of its levels.
You also visited: Sewer.

You collected 883 gold pieces.
You spent 70 gold pieces at shops.

Inventory:

Hand Weapons
 c - a +2 longbow of flaming
 s - a +5 morningstar of draining (weapon)
 w - a +1 flail of protection
 x - a +2 whip of holy wrath
 F - a +2 scimitar of flaming
 H - a +5 long sword of freezing
 M - a +0 vorpal giant spiked club
 O - the +5 spear "Glorpo" {protect, rElec rC+++ rCorr Str-4}
   (You found it on level 9 of the Dungeon)

   It grants its wielder temporary protection when it strikes (+7 to AC).
   Str:       It affects your strength (-4).
   rC:        It renders you almost immune to cold.
   rElec:     It insulates you from electricity.
   rCorr:     It protects you from acid and corrosion.
 Q - the +6 whip "Wofael" {vorpal, Fragile rN+ Str+4}
   (You found it on level 12 of the Dungeon)

   It inflicts extra damage upon your enemies.
   Str:       It affects your strength (+4).
   rN:        It protects you from negative energy.
   Fragile:   It will be destroyed if unequipped.
Missiles
 d - 465 stones
 e - 185 bolts
 g - 247 arrows
 l - 63 sling bullets
 r - 47 poisoned darts
 J - 5 curare-tipped darts
 N - 3 atropa-tipped darts
 P - 2 boomerangs
 Y - 5 large rocks (quivered)
 Z - 3 javelins
Armour
 m - a +0 troll leather armour
 n - +4 storm dragon scales (worn)
 u - a +0 cloak (worn)
 S - +0 steam dragon scales
 X - +0 acid dragon scales
Magical Staves
 t - a staff of fire
Jewellery
 b - an amulet of magic regeneration (around neck)
 G - a +6 ring of strength (left claw)
 I - a ring of flight
 K - a ring of positive energy
 W - a +4 ring of evasion (right claw)
Wands
 a - a wand of acid (6)
 p - a wand of flame (40)
 R - a wand of paralysis (3)
Scrolls
 f - 4 scrolls of fear
 i - 4 scrolls of fog
 j - 6 scrolls of teleportation
 y - a scroll of silence
 E - a scroll of magic mapping
 V - 2 scrolls of amnesia
Potions
 h - 5 potions of curing
 k - 3 potions of might
 o - a potion of berserk rage
 q - a potion of haste
 v - 2 potions of cancellation
 z - a potion of invisibility
 A - 3 potions of heal wounds
 B - a potion of ambrosia
 C - 3 potions of magic {unknown}
 D - 3 potions of lignification {unknown}
 L - 3 potions of brilliance
 U - a potion of mutation
Miscellaneous
 T - a tin of tremorstones (2/2)


   Skills:
 + Level 8.5 Fighting
 + Level 13.6 Maces & Flails
 + Level 4.2 Throwing
 + Level 7.9 Armour
 + Level 5.4 Dodging
 + Level 2.6 Stealth


You had 11 spell levels left.
You didn't know any spells.
Your spell library contained the following spells:

 Spells                   Type           Power      Damage    Failure   Level
 Animate Skeleton         Necr           0%         N/A       94%         1
 Apportation              Tloc           0%         N/A       94%         1
 Beastly Appendage        Tmut           0%         N/A       94%         1
 Pain                     Necr           0%         1d4       94%         1
 Summon Small Mammal      Summ           0%         N/A       94%         1
 Call Canine Familiar     Summ           0%         N/A       100%        3
 Conjure Flame            Conj/Fire      0%         6-21      100%        3
 Ignite Poison            Fire/Tmut/Pois 0%         N/A       100%        3
 Spider Form              Tmut/Pois      0%         N/A       100%        3
 Vampiric Draining        Necr           0%         2d6       100%        3
 Petrify                  Tmut/Erth      0%         N/A       100%        4
 Sticky Flame             Conj/Fire      0%         2d3       100%        4
 Alistair's Intoxication  Tmut/Pois      0%         N/A       100%        5
 Metabolic Englaciation   Hex/Ice        0%         N/A       100%        5
 Statue Form              Tmut/Erth      0%         N/A       100%        6


Dungeon Overview and Level Annotations

Branches:
Dungeon (13/15)            Temple (1/1) D:7            Lair (0/6) D:11
    Orc (0/2) D:10          Sewer (visited)
 Vaults: D:13-14

Altars:
Ashenzari
Cheibriados
Dithmenos
Elyvilon
Fedhas
Gozag
Hepliaklqana
Kikubaaqudgha
Makhleb
Nemelex Xobeh
Okawaru
Qazlal
Ru
Sif Muna
Trog
Uskayaw
Vehumet
Wu Jian
Xom
Yredelemnul
Zin
The Shining One

Shops:
D:1 *   D:4 *   D:10 !   D:12 ?


Innate Abilities, Weirdness & Mutations

Your life essence is reduced to manifest your ancestor. (-10% HP)
You are too large for most types of armour.
You have claws for hands.
Your natural rate of healing is unusually fast.
You are covered in fur. (AC +1)
You have tough skin. (AC +1)
Your mind is acute. (Int +2)
Your flesh is cold resistant. (rC+)
You are somewhat resistant to further mutation.
Your spells are a little harder to cast, but a little more powerful.


Message History

There is a stone staircase leading down here.
You climb downwards.
The death knight hits you with a +0 great mace!!
The boulder beetle bites Plamen!!
There is a stone staircase leading up, spattered with blood here.
The death knight hits you with a +0 great mace!
The boulder beetle bites Plamen but does no damage.
Plamen hits the boulder beetle with a +0 quarterstaff!
You climb upwards.
There is a stone staircase leading down here.
You completely miss the death knight. The death knight closely misses you.
You hit the death knight. You drain the death knight.
The death knight is lightly wounded.
The death knight offers itself to Yredelemnul, and fills with unholy energy.
You barely miss the death knight.
The death knight is lightly wounded.
Plamen closely misses the death knight.
The death knight misses you.
You closely miss the death knight.
The death knight is lightly wounded.
Plamen hits the death knight with a +0 quarterstaff!
Plamen suffers a backlash!
You sock the death knight! You drain the death knight.
The death knight is heavily wounded.
The death knight reflects your damage back at you!
The death knight mumbles some strange prayers to Yredelemnul against you.
Your body is wracked with pain!
* * * LOW HITPOINT WARNING * * *
Plamen barely misses the death knight.
You puncture the death knight!
The death knight is heavily wounded.
The death knight reflects your damage back at you!
* * * LOW HITPOINT WARNING * * *
The death knight barely misses you.
Plamen hits the death knight but does no damage.
You thump the death knight! You drain the death knight.
The death knight is almost dead.
The death knight reflects your damage back at you!
* * * LOW HITPOINT WARNING * * *
The death knight hits you with a +0 great mace!
You die...

......# #.# ####### #.### # #...#
# ###.# ##### ######### #.# #....
........# #######.## #....
........# #........### #....
........####...pR.....#### #....
........##......@...#....####....
........##.#.......?####....'....
........#..#........# ######....
........'.##........# #....
^.......#########.### #....
####'#### #..# ##### #..# ##.# #
##.# #.# ## #.# #####'## #.


You could see the friendly Plamen the battlemage and a death knight (reflects
damage, drained, ally target).

Vanquished Creatures
  Nessos (D:12)
  Josephine (D:10)
  A centaur warrior (D:10)
  A boulder beetle (D:12)
  Erica (D:11)
  2 two-headed ogres
  Sonja (D:11)
  A deep elf pyromancer (D:10)
  A manticore (D:12)
  2 unseen horrors
  A gargoyle (D:12)
  2 kobold demonologists (D:9)
  3 trolls (D:11)
  2 shadows
  4 wraiths
  A wyvern (D:5)
  20 yaks
  A steam dragon (D:9)
  3 water moccasins
  An ice beast (D:7)
  2 black bears
  An orc warrior (D:6)
  5 necrophages
  A sky beast (D:7)
  5 centaurs
  7 kobold brigands
  2 bullfrogs
  2 scorpions
  6 killer bees (D:10)
  An oklob sapling (D:8)
  5 wights (D:7)
  A howler monkey (D:6)
  8 orc priests
  Crazy Yiuf (D:3)
  5 hounds
  2 gnoll shamans
  2 centaur skeletons (D:4)
  7 centaur zombies
  Natasha (thrice) (D:2)
  5 orc wizards
  3 iguanas
  A killer bee zombie (D:8)
  A howler monkey zombie (D:6)
  10 gnolls
  14 adders
  4 river rats (Sewer)
  A white imp (D:8)
  4 worms
  3 dart slugs
  29 orcs
  6 endoplasms
  5 giant cockroaches
  8 goblins
  10 hobgoblins
  4 jackals (D:1)
  26 kobolds
  4 quokkas
  11 ball pythons
  3 bats (D:1)
  7 frilled lizards
  16 rats
  A bush (D:3)
  A plant (D:8)
293 creatures vanquished.

Vanquished Creatures (collateral kills)
  2 boulder beetles
  A two-headed ogre (D:10)
  2 komodo dragons
  A kobold demonologist (D:9)
  A troll (D:13)
  2 hornets
  7 yaks
  3 wraiths
  A basilisk (D:13)
  3 vampire mosquitoes
  An acid dragon (D:11)
  A kobold brigand (D:8)
  2 bullfrogs (D:8)
  4 killer bees (D:10)
  An oklob sapling (D:8)
  A hound (D:8)
  A killer bee zombie (D:8)
  3 adders (D:8)
  4 orcs
  3 ball pythons (D:8)
  11 kobolds
55 creatures vanquished.

Vanquished Creatures (others)
  A centaur zombie (D:10)
  4 battlemagi
  13 plants
18 creatures vanquished.

Grand Total: 366 creatures vanquished

Notes
Turn   | Place    | Note
-------+----------+-------------------------------------------
     0 | D:1      | issech the Troll Monk began the quest for the Orb.
     0 | D:1      | Reached XP level 1. HP: 22/22 MP: 0/0
    99 | D:1      | Found Kewoejyrph's Assorted Antiques.
   175 | D:1      | Reached XP level 2. HP: 29/29 MP: 1/1
   208 | D:1      | Reached skill level 3 in Maces & Flails
   692 | D:1      | Reached XP level 3. HP: 35/36 MP: 2/2
   920 | D:2      | Noticed Natasha
   928 | D:2      | Killed Natasha
   986 | D:2      | Reached XP level 4. HP: 44/44 MP: 3/3
  1090 | D:2      | Found a faded altar of an unknown god.
  1306 | D:2      | Reached skill level 4 in Maces & Flails
  1361 | D:2      | HP: 1/45 [worm (9)]
  1364 | D:2      | Noticed Natasha
  1487 | D:2      | Reached XP level 5. HP: 35/53 MP: 4/4
  1555 | D:2      | HP: 2/53 [shadow imp/nerve-wracking pain[Natasha] (8)]
  1556 | D:2      | Killed Natasha
  1703 | D:2      | Noticed Natasha
  1714 | D:2      | Killed Natasha
  2419 | D:3      | Found a runed translucent door.
  2420 | D:3      | Noticed Crazy Yiuf
  2428 | D:3      | Killed Crazy Yiuf
  2429 | D:3      | Reached XP level 6. HP: 44/61 MP: 5/5
  2684 | D:4      | Reached skill level 5 in Maces & Flails
  2785 | D:4      | Reached XP level 7. HP: 60/68 MP: 6/6
  3484 | D:4      | Found Setoul's CLEARANCE SALE!.
  3505 | D:4      | Reached skill level 6 in Maces & Flails
  3629 | D:5      | Entered Level 5 of the Dungeon
  3753 | D:5      | Found a glowing drain.
  3772 | Sewer    | Entered a sewer
  4291 | D:5      | Reached XP level 8. HP: 76/78 MP: 7/7
  4334 | D:5      | Reached skill level 7 in Maces & Flails
  4334 | D:5      | Reached skill level 1 in Armour
  5430 | D:6      | Reached skill level 5 in Fighting
  5857 | D:7      | Reached skill level 8 in Maces & Flails
  5987 | D:7      | Reached XP level 9. HP: 86/88 MP: 8/8
  6146 | D:7      | Reached skill level 1 in Throwing
  6305 | D:7      | Found a staircase to the Ecumenical Temple.
  6343 | Temple   | Entered the Ecumenical Temple
  6440 | Temple   | Became a worshipper of Hepliaklqana the Forgotten
  6440 | Temple   | Reached * piety under Hepliaklqana
  6440 | Temple   | Reached ** piety under Hepliaklqana
  6441 | Temple   | Remembered your ancestor Plamen as a battlemage
  7061 | D:7      | Found a burning altar of Makhleb.
  7695 | D:8      | Reached skill level 9 in Maces & Flails
  7919 | D:8      | Got the Compendium of Nature
  8298 | D:8      | Reached XP level 10. HP: 80/88 MP: 9/9
  8310 | D:8      | Reached skill level 10 in Maces & Flails
  8386 | D:8      | Reached *** piety under Hepliaklqana
  8849 | D:2      | You are sucked into a shaft and drop 1 floor!
  9009 | D:9      | Identified the +5 spear "Glorpo" {protect, rElec rC+++
                  | rCorr Str-4}
  9057 | D:9      | Noticed a two-headed ogre
  9066 | D:9      | Killed a two-headed ogre
  9474 | D:9      | Reached skill level 5 in Armour
  9479 | D:9      | Reached skill level 11 in Maces & Flails
  9796 | D:9      | Reached XP level 11. HP: 90/96 MP: 10/10
 10177 | D:10     | Entered Level 10 of the Dungeon
 10204 | D:10     | Noticed a centaur warrior
 10218 | D:10     | Killed a centaur warrior
 10232 | D:10     | Noticed a boulder beetle
 10242 | D:10     | Killed a boulder beetle
 10263 | D:10     | Noticed a deep elf pyromancer
 10279 | D:10     | Killed a deep elf pyromancer
 10280 | D:10     | Reached skill level 5 in Dodging
 10411 | D:10     | Noticed a two-headed ogre
 10420 | D:10     | Killed a two-headed ogre
 10421 | D:10     | Reached skill level 12 in Maces & Flails
 10819 | D:10     | Found Roezico's Distillery.
 10901 | D:10     | Reached **** piety under Hepliaklqana
 11036 | D:10     | Noticed Josephine
 11051 | D:10     | Killed Josephine
 11189 | D:10     | Noticed a two-headed ogre
 11200 | D:10     | Killed a two-headed ogre
 11295 | D:10     | Found a staircase to the Orcish Mines.
 11509 | D:11     | Found a staircase to the Lair.
 11639 | D:11     | Reached XP level 12. HP: 90/107 MP: 11/11
 11813 | D:11     | Noticed Erica
 11820 | D:11     | Killed Erica
 11821 | D:11     | Reached skill level 13 in Maces & Flails
 12148 | D:11     | Noticed Sonja
 12152 | D:11     | Killed Sonja
 12674 | D:1      | Bought a scroll labelled ADAEDUASCHU for 18 gold pieces
 12689 | D:1      | You fall into a shaft and drop 1 floor!
 12722 | D:2      | You fall into a shaft and drop 1 floor!
 13391 | D:12     | Noticed Nessos
 13413 | D:12     | Killed Nessos
 13727 | D:12     | Reached ***** piety under Hepliaklqana
 13732 | D:12     | Found Pazi's Magic Scroll Shop.
 13745 | D:12     | Identified the +6 whip "Wofael" {vorpal, Fragile rN+ Str+4}
 13760 | D:12     | Bought a scroll of identify for 26 gold pieces
 13760 | D:12     | Bought a scroll of identify for 26 gold pieces
 13783 | D:12     | Gained mutation: Your spells are a little harder to cast,
                  | but a little more powerful. [potion of mutation]
 13783 | D:12     | Gained mutation: Your flesh is cold resistant. (rC+)
                  | [potion of mutation]
 13783 | D:12     | Gained mutation: Your mind is acute. (Int +2) [potion of
                  | mutation]
 13783 | D:12     | Gained mutation: You are somewhat resistant to further
                  | mutation. [potion of mutation]
 13838 | D:12     | Noticed a boulder beetle
 13846 | D:12     | Killed a boulder beetle
 14444 | D:13     | Noticed a boulder beetle
 14457 | D:13     | Killed a boulder beetle
 14575 | D:13     | Noticed a death knight
 14578 | D:13     | Noticed a boulder beetle
 14670 | D:12     | Slain by a death knight

Illustrated notes

Levels and vault maps discovered:
D:1:      lemuel_arrival_lava_pool, layout_basic, serial_shops, shop_fountains,
          serial_bayou_pond_c, hangedman_decor_points, st_stairs_14
D:2:      cheibrodos_greedy_goblins, layout_basic,
          shapermc_ecumenical_altar_mp_vishouse, nicolae_wormholes, uniq_natasha
D:3:      layout_rooms, grunt_decor_junction, uniq_crazy_yiuf_cottage
D:4:      cheibrodos_pilgrimage, layout_loops_corners, nicolae_shop_clearance
D:5:      layout_basic, portal_sewer_entry_f, serial_park_tiny_pond
D:6:      layout_basic
D:7:      layout_layer_cave, kennysheep_mini_moat, minmay_temple_entry_wispy,
          abandoned_shop, minivault_1
D:8:      layout_loops_ring, introduction_to_nature_1
D:9:      layout_roguey, kennysheep_small_spiral
D:10:     hangedman_cross_stitches, layout_loops_corners, serial_shops, shop,
          eino_jars, uniq_josephine
D:11:     layout_basic, lair_entry_dummy, lightli_orcish_oven, uniq_sonja,
          uniq_erica
D:12:     layout_roguey, serial_shops, nicolae_shop_advertising_works
          [nicolae_subvault_shop_adworks], chequers_serial_rivers_micro_d,
          uniq_nessos
D:13:     layout_rooms, gammafunk_ghost_wrathful_warriors, special_room
          [special_room_orc], st_stairs_14, uniq_urug
Temple:   mainiacjoe_temple_starburst

Skill      XL: |  1  2  3  4  5  6  7  8  9 10 11 12 |
---------------+-------------------------------------+-----
Maces & Flails | 3 4 5 6 8 9 11 12 13 | 13.6
Fighting       | 3 4 5 6 7 8 |  8.5
Dodging        | 3 4 5 |  5.4
Armour         | 2 4 5 6 7 |  7.9
Throwing       | 2 4 |  4.2
Stealth        | 2 |  2.6

Action                   |  1- 3 |  4- 6 |  7- 9 | 10-12 || total
-------------------------+-------+-------+-------+-------++-------
Melee: Mace              |   116 |   136 |       |       ||   252
       Punch             |     1 |     1 |     4 |     2 ||     8
       Morningstar       |       |    75 |   316 |   377 ||   768
Throw: Stone             |       |    17 |     3 |       ||    20
       Boomerang         |       |       |    20 |    32 ||    52
       Large rock        |       |       |       |     6 ||     6
Invok: Ancestor Life: Ba |       |       |     1 |       ||     1
       Recall Ancestor   |       |       |       |     2 ||     2
  Use: Scroll            |       |     4 |    11 |    12 ||    27
       Potion            |       |       |       |     3 ||     3
 Stab: Sleeping          |     1 |     1 |       |       ||     2
       Distracted        |       |       |     1 |     7 ||     8
Armor: Robe              |    45 |    58 |     9 |       ||   112
       Storm dragon scal |       |       |   238 |   259 ||   497
       Acid dragon scale |       |       |       |     9 ||     9
Dodge: Dodged            |    82 |   131 |   147 |   253 ||   613
